 Dungeon Crawl Stone Soup version 0.18-a0-1730-g73f0523 (webtiles) character file.

27 dohliylev the Sneak (level 2, 0/19 HPs)
             Began as a Vampire Enchanter on Apr 10, 2016.
             Succumbed to an adder's poison
             ... on level 2 of the Dungeon.
             The game lasted 00:02:32 (672 turns).

dohliylev the Sneak (Vampire Enchanter)              Turns: 672, Time: 00:02:33

Health: 0/19       AC:  3    Str:  7    XL:     2   Next: 93%
Magic:  2/5        EV: 18    Int: 17    God:
Gold:   13         SH:  0    Dex: 19    Spells: 2 memorised, 2 levels left

rFire  . . .     SeeInvis +     a - +1 dagger
rCold  . . .     Gourm    .     b - +1 robe
rNeg   + . .     Faith    .     (no shield)
rPois  .         Spirit   .     (no helmet)
rElec  .         Dismiss  .     (no cloak)
rCorr  .         Reflect  .     (no gloves)
SustAt .         Harm     .     (no boots)
MR     .....                    (no amulet)
Stlth  ++++......               (no ring)
                                (no ring)

@: agile, lethally poisoned (0 -> -6), not resistant to hostile enchantments,
stealthy
A: fangs 3, see invisible, unbreathing
a: no special abilities


You were on level 2 of the Dungeon.
You were not thirsty.

You visited 1 branch of the dungeon, and saw 2 of its levels.

You collected 13 gold pieces.

Inventory:

Hand Weapons
 a - a +1 dagger (weapon)
Missiles
 f - 4 needles of confusion
Armour
 b - a +1 robe (worn)
 g - a +0 cloak
Scrolls
 e - a scroll of random uselessness {unknown}
 j - a scroll of fog {unknown}
 k - a scroll of noise {unknown}
Potions
 d - 8 potions of blood
 i - a potion of haste {unknown}
 l - a potion of cure mutation {unknown}
Books
 c - a book of Maledictions

   Spells                             Type                      Level
   a - Corona                         Hexes                        1
   b - Ensorcelled Hibernation        Hexes/Ice                    2
   c - Confuse                        Hexes                        3
   d - Tukima's Dance                 Hexes                        3
   e - Dazzling Spray                 Conjuration/Hexes            3


   Skills:
 + Level 0.1 Fighting
 + Level 1.2 Short Blades
 + Level 2.5 Dodging
 + Level 5.0 Stealth
 + Level 2.3 Spellcasting
 + Level 4.8 Hexes


You had 2 spell levels left.
You knew the following spells:

 Your Spells              Type           Power        Failure   Level  Hunger
a - Corona                Hex            ###....      2%          1    #......
b - Ensorcelled Hibernat  Hex/Ice        ##....       14%         2    ###....


Dungeon Overview and Level Annotations

Branches:
Dungeon (2/15)

Altars:

Annotations:
D:2 Jessica


Innate Abilities, Weirdness & Mutations

You have razor-sharp teeth.
You have supernaturally acute eyesight.
You can survive without breathing.


Message History

You feel sick. The bat hits you but does no damage.
* * * LOW HITPOINT WARNING * * *
You feel sick. The bat hits you but does no damage. The bat barely misses you.
The bat barely misses you.
* * * LOW HITPOINT WARNING * * *
You feel sick. The bat misses you. The bat hits you but does no damage. x2
* * * LOW HITPOINT WARNING * * *
You feel sick. The bat hits you but does no damage.
Casting: Ensorcelled Hibernation
Confirm with . or Enter, or press ? or * to list all spells.
You don't have enough magic to cast that spell.
Firing (i - inventory): No suitable missiles.
Press: ? - help, Shift-Dir - straight line, f - bat
Aim: a bat
Okay, then.
You miss the bat. The bat misses you.
It was a potion of agility.
You feel agile all of a sudden.
You die...

#.....#.#
######.###.#.#
.......#.....#
#.......##
##.####..#.#..#
........).....#
#.####.#####.#
#.####.#####.#
#......<...@.#
##############


There were no monsters in sight!

Vanquished Creatures
  An adder (D:2)
  A goblin (D:1)
  5 hobgoblins
  3 bats (D:1)
  3 giant newts (D:1)
  4 kobolds (D:1)
  A rat (D:1)
18 creatures vanquished.

Notes
Turn   | Place    | Note
--------------------------------------------------------------
     0 | D:1      | dohliylev the Vampire Enchanter began the quest for the Orb.
     0 | D:1      | Reached XP level 1. HP: 13/13 MP: 3/3
   402 | D:1      | Reached XP level 2. HP: 10/19 MP: 3/5
   528 | D:1      | Learned a level 2 spell: Ensorcelled Hibernation
   654 | D:2      | Noticed Jessica
   663 | D:2      | Reached skill level 5 in Stealth
   672 | D:2      | Succumbed to an adder's poison

Vault maps used:
D:1:      dpeg_arrival_connections
D:2:      okawaru_altar_gauntlet_db, first_bread, uniq_jessica, uniq_natasha

Skill      XL: |  1  2 |
---------------+-------+-----
Stealth        | 5 |  5.0
Fighting       | |  0.1
Short Blades   | |  1.2
Dodging        | |  2.5
Spellcasting   | |  2.3
Hexes          | |  4.8

Action                   || total
-------------------------++-------
Melee: Dagger            ||    48
 Cast: Corona            ||     5
       Ensorcelled Hiber ||     4
  Use: Potion            ||     1
 Stab: Sleeping          ||    10
